 Dungeon Sprint DCSS version 0.05-5-g1455f61281 (webtiles) character file.

Game seed: 16824393550694330106, levelgen mode: deterministic

8 diana the Chopper (level 2, -12/29 HPs) Minotaur Gladiator. Began on May 27, 2021. Was an Initiate of Makhleb. Mangled by a tarantella (17 damage) ... in the Dungeon (Sprint V: "Ziggurat Sprint"). The game lasted 00:02:19 (119 turns).

diana the Chopper (Minotaur Gladiator)               Turns: 119, Time: 00:02:20

Health: -12/29     AC: 26    Str: 28    XL:     2 ^: 29
Magic:  2/2        EV: -175  Int:  5    God:    Makhleb [0* [15]]
Gold:   0          SH:  0    Dex: 11    Spells: 1/1 levels left

rFire    . . .     Vision   .   G - +5 executioner's axe
rCold    . . .     Gourm    .   (also wielding the above weapon)
rNeg     . . .     Faith    .   I - +15 Maxwell's patent armour {-Cast -Tele rElec MR+ rCorr}
rPois    .         Spirit   .   c - +0 hat
rElec    +         Reflect  .   (no cloak)
rCorr    +         Harm     .   (no gloves)
MR       +....     NoTele   +   (no boots) Stlth ..........NoCast +
                                (no amulet)
HPRegen  0.19/turn              A - ring of strength
MPRegen  0.12/turn              B - ring of strength

@: confused
A: horns, retaliatory headbutt 2
a: Renounce Religion


You were in the Dungeon.
You worshipped Makhleb.
Makhleb was noncommittal.
You were not hungry.

You visited 1 branch

Inventory:

Weapons
 a - a +0 war axe
 F - a +5 broad axe
 G - a +5 executioner's axe (weapon)
 H - the +14 obsidian axe {chop, +Fly +Vis Soulbond}
   (You found it in the Dungeon)

   It inflicts extra damage upon your enemies.
   It improves your vision.
   It lets you fly.
   When equipped, it binds to the wielder's soul until they gain enough
   experience to unwield again.
 J - the +10 dark maul {crush}
   (You found it in the Dungeon)

   It inflicts extra damage upon your enemies.
Armour
 b - a +0 leather armour
 c - a +0 hat (worn)
 I - the +15 Maxwell's patent armour (worn) {-Cast -Tele rElec MR+ rCorr}
   (You found it in the Dungeon)

   It insulates you from electricity.
   It affects your resistance to hostile enchantments.
   It prevents spellcasting.
   It prevents most forms of teleportation.
   It provides partial protection from all sources of acid and corrosion.
Jewellery
 w - an uncursed ring of dexterity
 x - an uncursed ring of dexterity
 y - an uncursed ring of intelligence
 z - an uncursed ring of intelligence
 A - a ring of strength (left hand)
 B - a ring of strength (right hand)
Wands
 d - a wand of ensnaring (9)
 C - a wand of disintegration (7)
 D - a wand of iceblast (7)
 E - a wand of acid (7)
Scrolls
 k - 4 scrolls of blinking
 r - 4 scrolls of amnesia
 s - 7 scrolls of fog
 t - a scroll of holy word
 u - 5 scrolls of bless item
 v - 2 scrolls of fear
Potions
 e - 10 potions of curing
 g - 10 potions of heal wounds
 h - 6 potions of haste
 i - 7 potions of magic
 j - 3 potions of berserk rage
 l - 2 potions of brilliance
 m - 2 potions of invisibility
 n - 4 potions of resistance
 p - 5 potions of agility
 q - 5 potions of might
Comestibles
 f - 7 rations


   Skills:
 + Level 5.0 Fighting
 + Level 5.7 Axes & Hammers
 + Level 4.2 Armour
 + Level 5.2 Dodging
 - Level 1.7 Evocations


You had one spell level left.
You didn't know any spells.
Your spell library was empty.

Dungeon Overview and Level Annotations

Branches:
Dungeon (1/1)

Altars:
Ashenzari
Cheibriados
Dithmenos
Elyvilon
Fedhas Madash
Gozag Ym Sagoz
Hepliaklqana
Kikubaaqudgha
Makhleb
Nemelex Xobeh
Okawaru
Qazlal
Ru
Sif Muna
Trog
Uskayaw
Vehumet
Wu Jian
Xom
Yredelemnul
Zin
The Shining One Bahamut & Tiamat
Beogh
Jiyva
Lugonu

Annotations:
D 1 transporter


Innate Abilities, Weirdness & Mutations

You reflexively attack those that strike you in melee with your horns.


Message History

The jumping spider pounces on you but does no damage.
The jumping spider bites you but does no damage.
The tarantella bites you but does no damage.
Unknown command.
Your Maxwell's patent armour prevents you from hitting the tarantella.
You closely miss the jumping spider. The jumping spider pounces on you (7)!
The jumping spider bites you but does no damage.
The tarantella bites you but does no damage.
The jumping spider pounces on you (3). The jumping spider bites you (1).
The tarantella bites you but does no damage.
Unknown command.
Your Maxwell's patent armour prevents you from hitting the tarantella.
The jumping spider blocks your attack. The jumping spider pounces on you (5).
The jumping spider bites you but does no damage.
The tarantella bites you (8)!
* * * LOW HITPOINT WARNING * * *
You are confused.
The jumping spider leaps!
The tarantella bites you (17)!
Ouch! That really hurt!
You die...

▓▓▓▓▓▓▓
▓.8©8.▓
▓.....▓
▓.s.=.▓
▓.s○..▓
▓..@..▓
▓..©..▓
▓▓▓▓▓▓▓


You could see a jumping spider and a tarantella.

Vanquished Creatures (others)
  3 spatial maelstroms (D)
3 creatures vanquished.

Notes
Turn   | Place    | Note
-------+----------+-------------------------------------------
     0 | D        | diana the Minotaur Gladiator began the quest for the Orb.
     0 | D        | Reached XP level 1. HP: 18/18 MP: 1/1
     0 | D        | Found a shimmering blue altar of Sif Muna.
     0 | D        | Found a bloodstained altar of Trog.
     0 | D        | Found a sacrificial altar of Ru.
     0 | D        | Found a stormy altar of Qazlal.
     0 | D        | Found an iron altar of Okawaru.
     1 | D        | Found a sparkling altar of Nemelex Xobeh.
     1 | D        | Found a blossoming altar of Fedhas.
     2 | D        | Found the +6 Majin-Bo {vampiric, corrupt archmagi; MP+6
                  | Int+6}
     2 | D        | Found the +9 ballista "Sniper" {velocity, Acc+∞ +Vis}
     2 | D        | Found the +10 dark maul {crush}
     2 | D        | Found the +15 Maxwell's patent armour {-Cast -Tele rElec
                  | MR+ rCorr}
     2 | D        | Found the +18 shield of the Gong {rElec rN+ MR+ EV-5}
     2 | D        | Found the +14 obsidian axe {chop, +Fly +Vis Soulbond}
     2 | D        | Found the +7 great mace "Firestarter" {inner flame, rF++}
     2 | D        | Found the +6 shillelagh "Devastator" {shatter}
     2 | D        | Found the +11 plutonium sword {*Contam Stlth-}
     2 | D        | Found the +8 lance "Wyrmbane" {slay drac, rPois rF+ rC+
                  | AC+3}
     2 | D        | Found the +9 sword of Zonguldrok {reap}
     2 | D        | Found the +13 scythe of Curses {drain, Soulbond}
     2 | D        | Found the +0 sword of Power
     2 | D        | Found the +7 mace of Variability {chain chaos}
     2 | D        | Found the +7 Singing Sword {slice, sonic wave}
     2 | D        | Found the +8 storm bow {elec, penet}
     3 | D        | Found a transporter.
     3 | D        | Found an ancient bone altar of Kikubaaqudgha.
     3 | D        | Found a viscous altar of Jiyva.
     3 | D        | Found a corrupted altar of Lugonu.
     3 | D        | Found a hazy altar of Hepliaklqana.
     3 | D        | Found a burning altar of Makhleb.
     3 | D        | Found an opulent altar of Gozag.
     8 | D        | Banished a spatial maelstrom
    12 | D        | Banished a spatial maelstrom
    33 | D        | Banished a spatial maelstrom
   104 | D        | Became a worshipper of Makhleb the Destroyer
   109 | D        | Reached skill level 5 in Fighting
   109 | D        | Reached skill level 5 in Axes & Hammers
   109 | D        | Reached skill level 5 in Dodging
   109 | D        | Reached XP level 2. HP: 29/29 MP: 2/2
   116 | D        | Entered arena 2.
   116 | D        | Noticed a tarantella
   116 | D        | Noticed a jumping spider
   116 | D        | Found a transporter.
   119 | D        | Mangled by a tarantella

Levels and vault maps discovered:
D:        sprint_v [room_start, room_1, room_2, room_3, room_4, room_5, room_6,
          room_7, room_8, room_9, room_10, room_11, room_12, room_13, room_14,
          room_15, room_16, room_17, room_18, room_19, room_20, room_21,
          room_22, room_23, room_24, room_25, room_26, room_27]

Skill      XL: |  1 |
---------------+----+-----
Fighting       | 5 |  5.0
Axes & Hammers | 5 |  5.7
Armour         | 4 |  4.2
Dodging        | 5 |  5.2
Evocations     | |  1.7

Action                   || total
-------------------------++-------
Melee: Executioner's axe ||     2
  Use: Potion            ||     1
Armor: Plate armour      ||    10
